 Dungeon Crawl Stone Soup version 0.27.1-34-g3ba077fa99 (webtiles) character file.

Game seed: 1639594000566528928

84788 boopmooplesden the Peltast (level 15, -7/129 HPs)
             Began as a Minotaur Fighter on Jan 9, 2022.
             Was the Champion of Okawaru.
             Killed by divine providence
             ... invoked by an orc high priest
              (14 damage)
             ... while paralysed by an orc sorcerer
             ... on level 2 of the Orcish Mines.
             The game lasted 00:44:43 (23709 turns).

boopmooplesden the Peltast (Minotaur Fighter)      Turns: 23709, Time: 00:44:45

Health: -7/129     AC: 14    Str: 34    XL:     15   Next: 36%
Magic:  14/14      EV:  2    Int: 15    God:    Okawaru [******]
Gold:   1042       SH:  0    Dex: 17    Spells: 14/14 levels left

rFire    + . .     SeeInvis +   V - +7 flail of Symmetry {flame, Str+4}
rCold    . . .     Faith    .   y - +2 tower shield "Fiut Nan" {Dex+6 Stlth+}
rNeg     . . .     Spirit   .   w - +3 plate armour {rC+}
rPois    .         Reflect  +   F - +1 hat {SInv}
rElec    .         Harm     .   k - +2 cloak {Stlth+}
rCorr    .         Rampage  .   (no gloves)
Will     +....                  (no boots)
Stlth    +.........             i - amulet of reflection
HPRegen  0.31/turn              A - ring of fire
MPRegen  0.14/turn              r - ring of the Circus Animal {Str+6 Int+6}

@: paralysed, heroic, corroded
A: horns 2, retaliatory headbutt, clever 1, low mp 1
a: Renounce Religion, Heroism, Finesse


You were on level 2 of the Orcish Mines.
You worshipped Okawaru.
Okawaru was exalted by your worship.
You visited 4 branches of the dungeon, and saw 22 of its levels.
You also visited: Bailey and Volcano.

You collected 2791 gold pieces.
You spent 1749 gold pieces at shops.

Inventory:

Hand Weapons
 x - a +6 mace of protection
 K - the +7 great mace of Bodily Humours {antimagic, +Rage Int+3}
   (Okawaru gifted it to you on level 10 of the Dungeon)

   It reduces the magical energy of the wielder, and disrupts the spells and
   magical abilities of those it strikes.
   Natural abilities and divine invocations are not affected.
   Int:       It affects your intelligence (+3).
   +Rage:     It lets you go berserk.
 M - the +4 short sword of Eternal Vigilance {venom, rPois rCorr SInv}
   (Okawaru gifted it to you in a volcano)

   It poisons the flesh of those it strikes.
   rPois:     It protects you from poison.
   SInv:      It lets you see invisible.
   rCorr:     It protects you from acid and corrosion.
 Q - the +7 quick blade "Nauqep" {freeze, Fragile rElec rF+++ Str+4}
   (Okawaru gifted it to you on level 13 of the Dungeon)

   It freezes those it strikes, dealing additional cold damage.
   It can also slow down cold-blooded creatures.
   Str:       It affects your strength (+4).
   rF:        It renders you almost immune to fire.
   rElec:     It insulates you from electricity.
   Fragile:   It will be destroyed if unequipped.
 U - the +8 whip "Snakebite" {venom, curare, rPois}
   (You found it on level 4 of the Lair of Beasts)

   It poisons the flesh of those it strikes.
   It occasionally inflicts asphyxiating poison on those it strikes, dealing
   poison damage and causing slowness.
   rPois:     It protects you from poison.
 V - the +7 flail of Symmetry (weapon) {flame, Str+4}
   (Okawaru gifted it to you on level 4 of the Lair of Beasts)

   It burns those it strikes, dealing additional fire damage.
   Str:       It affects your strength (+4).
Missiles
 m - 44 boomerangs (quivered)
 v - 6 javelins
 D - 2 boomerangs of dispersal
 L - 5 throwing nets
Armour
 c - a +3 kite shield
 k - a +2 cloak of stealth (worn)
 n - a +0 kite shield of reflection
 w - a +3 plate armour of cold resistance (worn)
 y - the +2 tower shield "Fiut Nan" (worn) {Dex+6 Stlth+}
   (You found it in a bailey)

   Dex:       It affects your dexterity (+6).
   Stlth:     It makes you more stealthy.
 F - a +1 hat of see invisible (worn)
Jewellery
 e - an amulet of faith
 g - a +6 ring of strength
 i - an amulet of reflection (around neck)
 p - an amulet of the acrobat
 r - the ring of the Circus Animal (right hand) {Str+6 Int+6}
   (You bought it in a shop on level 4 of the Dungeon)

   [ring of intelligence]

   Str:       It affects your strength (+6).
   Int:       It affects your intelligence (+6).
 A - a ring of fire (left hand)
 Z - an amulet of reflection
Wands
 b - a wand of flame (47)
 o - a wand of acid (15)
 t - a wand of digging (11)
 J - a wand of paralysis (25)
Scrolls
 f - 5 scrolls of amnesia
 q - 4 scrolls of enchant armour
 C - 4 scrolls of magic mapping
 G - a scroll of blinking
 I - a scroll of torment
 N - 5 scrolls of identify
 R - a scroll of enchant weapon
 X - 2 scrolls of teleportation
Potions
 a - a potion of might
 d - 4 potions of lignification
 h - 3 potions of brilliance
 j - 3 potions of resistance
 l - 6 potions of curing
 s - 2 potions of ambrosia {unknown}
 u - 4 potions of attraction {unknown}
 z - 3 potions of invisibility {unknown}
 B - 2 potions of berserk rage {unknown}
 E - 2 potions of flight {unknown}
 H - a potion of mutation {unknown}
 O - 2 potions of magic {unknown}
 S - a potion of haste
 W - 2 potions of heal wounds
 Y - a potion of cancellation {unknown}
Miscellaneous
 T - a lightning rod (4/4)


   Skills:
 + Level 11.0(16.0) Fighting
 + Level 11.1(18.7) Axes
 + Level 13.4(19.9) Maces & Flails
 + Level 3.7(8.7) Throwing
 + Level 13.4(18.4) Armour
 + Level 4.3(9.3) Dodging
 + Level 2.1(7.1) Stealth
 + Level 19.5(24.5) Shields
 + Level 1.4(6.4) Unarmed Combat
 + Level 2.7 Invocations
 + Level 2.0 Evocations


You had 14 spell levels left.
You didn't know any spells.
Your spell library contained the following spells:

 Spells                   Type           Power      Damage    Failure   Level
 Magic Dart               Conj           0%         1d3       73%         1
 Shock                    Conj/Air       0%         1d3       73%         1
 Passwall                 Tmut/Erth      0%         N/A       86%         2
 Searing Ray              Conj           0%         3d3       86%         2
 Gell's Gravitas          Tloc           0%         N/A       97%         3
 Ignite Poison            Fire/Tmut/Pois 0%         N/A       97%         3
 Inner Flame              Hex/Fire       0%         N/A       97%         3
 Mephitic Cloud           Conj/Pois/Air  0%         N/A       97%         3
 Swiftness                Air            0%         N/A       97%         3
 Teleport Other           Tloc           0%         N/A       97%         3
 Airstrike                Air            0%         N/A       100%        4
 Animate Armour           Summ/Erth      0%         N/A       100%        4
 Cause Fear               Hex            0%         N/A       100%        4
 Fulminant Prism          Conj/Hex       0%         3d6       100%        4
 Bolt of Magma            Conj/Fire/Erth 0%         4d4       100%        5
 Borgnjor's Vile Clutch   Necr/Erth      0%         N/A       100%        5
 Dispersal                Tloc           0%         N/A       100%        6
 Invisibility             Hex            0%         N/A       100%        6
 Borgnjor's Revivificati  Necr           0%         N/A       100%        8
 Discord                  Hex            0%         N/A       100%        8
 Necromutation            Tmut/Necr      0%         N/A       100%        8
 Death's Door             Necr           0%         N/A       100%        9


Dungeon Overview and Level Annotations

Branches:
Dungeon (13/15)            Temple (1/1) D:5            Lair (6/6) D:9
 Shoals (0/4) Lair:4       Spider (0/4) Lair:3        Slime (0/5) Lair:5
    Orc (2/2) D:10            Elf (0/3) Orc:2        Bailey (visited)
Volcano (visited)
 Vaults: D:13-14

Altars:
Cheibriados
Dithmenos
Fedhas
Hepliaklqana
Nemelex Xobeh
Okawaru
Qazlal
Wu Jian
The Shining One
Beogh

Shops:
D:1 !   D:4 =**   Orc:2 ?!*[[=

Annotations:
D:11 5 runed translucent doors


Innate Abilities, Weirdness & Mutations

You have a pair of horns on your head.
You reflexively headbutt those who attack you in melee.
Your mind is acute. (Int +2)
Your magical capacity is low. (-10% MP)


Message History

The ynoxinul disappears in a puff of smoke!
An orc knight comes into view. It is wielding a +3 great mace.
You block the orange demon's attack. You block the orc warrior's attack.
The orc knight roars a battlecry!
The orcs go into a battle-frenzy!
The orc sorcerer gestures at you while chanting.
You suddenly lose the ability to move!
The orc high priest hits you with a +0 glaive.
The orc high priest mumbles some strange prayers to Beogh against you.
Beogh smites you!
The orc high priest no longer looks unusually strong.
The orc warrior no longer looks unusually strong.
The orange demon stings you but does no damage.
The rust devil hits you. The rust devil corrodes you!
The orc warrior hits you with a +0 glaive!
The orc sorcerer hits you with a +0 dagger.
The orc high priest hits you but does no damage.
The orc high priest utters an invocation to Beogh.
The orange demon stings you from afar. The rust devil hits you.
The rust devil corrodes you!
The orc warrior hits you but does no damage.
The orc sorcerer hits you but does no damage.
The orc knight roars a battlecry!
The orcs go into a battle-frenzy!
An orc high priest comes into view. It is wielding a +0 scimitar.
The orc high priest hits you with a +0 glaive!
The orc sorcerer no longer looks unusually strong.
The orange demon stings you from afar.
* * * LOW HITPOINT WARNING * * *
The rust devil hits you. The rust devil corrodes you!
The orc warrior hits you with a +0 glaive!
* * * LOW HITPOINT WARNING * * *
The orc sorcerer points at you and mumbles some strange words.
You resist with some effort.
The orc high priest invokes the aid of Beogh against you.
Pain shoots through your body!
* * * LOW HITPOINT WARNING * * *
The orc high priest invokes the aid of Beogh against you.
Beogh smites you!
You die...

#))###...# ###..
).###...##.# .##
##... .).)...#
.o.# ..# #....
..#).)## #3.#
...## ###....
#.)..## #4o
#§#.## #......
...)## #o.o....##
#####..... #.)##
##o#4o...#
#.##.....# ..).##
#.oo4o..#
##........
#....## ##@#.#
####.....
..#...## ##(o.#
#...... .......##
##)))## ##....#
.)###...##
##)..## ##...'
#..###...###...##
##..#
##..###...#...##
#....
##..###.#.#.##
##....
##..###...##
#.....
##..###.#######
#.....


You could see 2 orc knights, 4 orc high priests, an orange demon (summoned), 2
rust devils, a neqoxec (summoned), 2 orc sorcerers, an orc warrior (strong) and
an orc priest (strong).

Vanquished Creatures
  Gastronok (D:10)
  Donald (Orc:2)
  A red draconian (Volcano)
  Snorg (Orc:1)
  2 boulder beetles
  Harold (D:10)
  12 hydras
  An ogre mage (D:13)
  A centaur warrior (D:13)
  6 two-headed ogres
  2 tengu warriors (D:13)
  5 death yaks (Lair:6)
  An orc high priest (Orc:1)
  Sonja (Orc:2)
  2 skeletal warriors (D:13)
  2 sixfirhies (Orc:2)
  A salamander mystic (Volcano)
  A lindwurm (Lair:6)
  A necromancer (D:13)
  3 orc sorcerers
  3 orc knights
  4 salamanders (Volcano)
  11 elephants
  8 black mambas
  A rust devil (Orc:2)
  2 molten gargoyles (Volcano)
  A gargoyle (D:13)
  2 smoke demons (Orc:2)
  2 unseen horrors (D:11)
  25 cane toads
  5 rime drakes
  Maggie (D:7)
  13 komodo dragons
  A hellwing (Orc:2)
  2 polar bears
  2 tyrant leeches (Lair:6)
  6 trolls
  34 blink frogs
  A dream sheep (Lair:2)
  A shadow (D:10)
  3 wyverns
  46 yaks
  5 basilisks
  3 steam dragons
  4 fire bats (Volcano)
  12 vampire mosquitoes
  3 wargs
  An acid dragon (D:13)
  13 water moccasins
  25 orc warriors
  4 necrophages
  2 sky beasts
  9 wolves
  15 centaurs
  A phantom (D:4)
  4 ogres
  A kobold brigand (D:7)
  20 bullfrogs
  2 gnoll sergeants
  A scorpion (Lair:1)
  2 wyvern zombies (D:7)
  7 killer bees
  3 wights (D:7)
  A howler monkey (D:11)
  3 electric eels (Lair:6)
  2 bullfrog zombies
  6 centaur zombies
  5 lava snakes (Volcano)
  Crazy Yiuf (D:4)
  2 jellies
  4 hounds
  17 orc priests
  A bullfrog skeleton (D:5)
  4 iguanas
  20 orc wizards
  2 hound skeletons (D:4)
  3 howler monkey zombies
  11 gnolls
  4 adders
  4 shadow imps
  A white imp (D:7)
  An adder zombie (D:5)
  2 dart slugs
  81 orcs
  A bat (D:3)
  13 endoplasms
  4 giant cockroaches
  13 goblins
  10 hobgoblins
  3 jackals
  12 kobolds
  3 quokkas
  11 ball pythons
  6 frilled lizards
  A jackal skeleton (D:2)
  2 rats
611 creatures vanquished.

Vanquished Creatures (others)
  An orc priest (Orc:2)
  An orc (Orc:2)
  25 fungi
  97 plants
124 creatures vanquished.

Grand Total: 735 creatures vanquished

Notes
Turn   | Place    | Note
-------+----------+-------------------------------------------
     0 | D:1      | boopmooplesden the Minotaur Fighter began the quest for the
                  | Orb.
     0 | D:1      | Reached XP level 1. HP: 19/19 MP: 0/0
   242 | D:1      | Found Giyplupysu's Distillery.
   250 | D:1      | Reached XP level 2. HP: 24/27 MP: 1/1
   355 | D:1      | Reached skill level 4 in Shields
   755 | D:1      | Reached XP level 3. HP: 29/33 MP: 2/2
  1465 | D:2      | Reached XP level 4. HP: 8/40 MP: 3/3
  2002 | D:2      | Found a faded altar of an unknown god.
  2547 | D:3      | Reached XP level 5. HP: 46/46 MP: 4/4
  3172 | D:4      | Reached skill level 5 in Axes
  3172 | D:4      | Reached skill level 1 in Dodging
  3226 | D:4      | Found Geokhli's Specific Store.
  3228 | D:4      | Found Vanagg's General Store.
  3326 | D:4      | Reached skill level 1 in Stealth
  3364 | D:4      | Reached XP level 6. HP: 53/53 MP: 5/5
  3436 | D:4      | Reached skill level 5 in Armour
  3472 | D:4      | Found a runed translucent door.
  3473 | D:4      | Noticed Crazy Yiuf
  3810 | D:4      | Found Arooluta's Jewellery Shop.
  3812 | D:4      | Killed Crazy Yiuf
  3813 | D:4      | Reached skill level 5 in Shields
  3940 | D:5      | Entered Level 5 of the Dungeon
  4002 | D:5      | Reached XP level 7. HP: 60/60 MP: 6/6
  4233 | D:5      | Reached skill level 1 in Unarmed Combat
  4323 | D:5      | Found a staircase to the Ecumenical Temple.
  4356 | Temple   | Entered the Ecumenical Temple
  4365 | Temple   | Became a worshipper of Warmaster Okawaru
  5104 | D:6      | Reached skill level 1 in Throwing
  5243 | D:5      | Reached skill level 6 in Shields
  5555 | D:5      | Reached XP level 8. HP: 41/67 MP: 7/7
  5845 | D:6      | Reached skill level 5 in Fighting
  6801 | D:7      | Found a flagged portal.
  6938 | Bailey   | Entered a bailey
  7007 | Bailey   | Reached * piety under Okawaru
  7008 | Bailey   | Reached skill level 7 in Shields
  7262 | Bailey   | Reached skill level 1 in Evocations
  7290 | Bailey   | Identified the +2 tower shield "Fiut Nan" {Dex+6 Stlth+}
  7364 | Bailey   | Noticed an orc knight
  7391 | Bailey   | Killed an orc knight
  7392 | Bailey   | Reached XP level 9. HP: 14/75 MP: 5/8
  7762 | D:7      | Reached ** piety under Okawaru
  7763 | D:7      | Reached skill level 8 in Shields
  8392 | D:7      | Noticed Maggie
  8403 | D:7      | Killed Maggie
  9213 | D:8      | Found a sparkling altar of Nemelex Xobeh.
  9407 | D:9      | Noticed a troll
  9416 | D:9      | Killed a troll
  9416 | D:9      | Reached *** piety under Okawaru
  9424 | D:9      | Reached skill level 9 in Shields
  9424 | D:9      | Reached XP level 10. HP: 46/84 MP: 9/9
  9734 | D:9      | Reached skill level 10 in Axes
  9869 | D:9      | Reached **** piety under Okawaru
  9875 | D:9      | Reached skill level 10 in Shields
 10031 | D:9      | Found a staircase to the Lair.
 10255 | D:10     | Entered Level 10 of the Dungeon
 10322 | D:10     | Noticed Gastronok
 10356 | D:10     | HP: 1/84 [Gastronok (13)]
 10357 | D:10     | Killed Gastronok
 10357 | D:10     | Received a gift from Okawaru
 10357 | D:10     | Reached ***** piety under Okawaru
 10358 | D:10     | Reached skill level 1 in Invocations
 10693 | D:10     | Reached XP level 11. HP: 92/92 MP: 10/10
 10736 | D:10     | Found a staircase to the Orcish Mines.
 10778 | D:10     | Reached skill level 5 in Maces & Flails
 11013 | D:10     | Noticed Harold
 11026 | D:10     | Killed Harold
 11026 | D:10     | Identified the +7 great mace of Bodily Humours {antimagic,
                  | +Rage Int+3} (Okawaru gifted it to you on level 10 of the
                  | Dungeon)
 11026 | D:10     | Received a gift from Okawaru
 11027 | D:10     | Reached skill level 11 in Shields
 11152 | D:10     | Noticed a two-headed ogre
 11163 | D:10     | Killed a two-headed ogre
 11483 | D:11     | Reached skill level 10 in Armour
 11520 | D:11     | Noticed a wolf spider
 11522 | D:11     | Found a runed translucent gate.
 11523 | D:11     | Found a runed translucent gate.
 11524 | D:11     | Found a runed translucent door.
 11605 | D:11     | Noticed a two-headed ogre
 11620 | D:11     | Killed a two-headed ogre
 11756 | D:11     | Received a gift from Okawaru
 11776 | D:11     | Reached skill level 12 in Shields
 11907 | D:11     | You fall into a shaft and drop 2 floors!
 11915 | D:13     | Noticed a tengu warrior
 11924 | D:13     | Noticed a tengu warrior
 11938 | D:13     | Killed a tengu warrior
 11978 | D:13     | Killed a tengu warrior
 12313 | D:13     | Noticed a centaur warrior
 12320 | D:13     | Killed a centaur warrior
 12369 | D:13     | Noticed a seven-headed hydra
 12382 | D:13     | Killed a seven-headed hydra
 12382 | D:13     | Reached ****** piety under Okawaru
 12383 | D:13     | Reached skill level 13 in Shields
 12383 | D:13     | Reached XP level 12. HP: 42/101 MP: 9/12
 12686 | D:13     | Identified the +7 quick blade "Nauqep" {freeze, Fragile
                  | rElec rF+++ Str+4} (Okawaru gifted it to you on level 13 of
                  | the Dungeon)
 12686 | D:13     | Received a gift from Okawaru
 12744 | D:13     | Noticed a tengu warrior
 12902 | D:13     | Noticed a two-headed ogre
 12902 | D:13     | Noticed a two-headed ogre
 12906 | D:13     | Noticed a two-headed ogre
 12906 | D:13     | Noticed a two-headed ogre
 12915 | D:13     | Killed a two-headed ogre
 12946 | D:13     | Noticed an ogre mage
 12958 | D:13     | Noticed a two-headed ogre
 12961 | D:13     | Killed an ogre mage
 12987 | D:13     | Killed a two-headed ogre
 12989 | D:13     | Noticed a two-headed ogre
 13118 | D:13     | Killed a two-headed ogre
 13124 | D:13     | Killed a two-headed ogre
 13390 | D:12     | Reached skill level 14 in Shields
 13499 | D:12     | Noticed a two-headed ogre
 13691 | D:11     | Found a runed translucent gate.
 13699 | D:11     | Found a runed translucent door.
 13707 | D:11     | Found the +9 staff of Olgreb {rPois∞}
 13896 | D:4      | Bought the ring of the Circus Animal {Str+6 Int+6} for 781
                  | gold pieces
 14002 | Lair:1   | Entered Level 1 of the Lair of Beasts
 14022 | Lair:1   | Received a gift from Okawaru
 14172 | Lair:1   | Noticed a five-headed hydra
 14183 | Lair:1   | Killed a five-headed hydra
 14183 | Lair:1   | Received a gift from Okawaru
 14184 | Lair:1   | Reached skill level 10 in Maces & Flails
 14493 | Lair:1   | Noticed a six-headed hydra
 14499 | Lair:1   | Killed a six-headed hydra
 14671 | Lair:1   | Reached XP level 13. HP: 111/111 MP: 13/13
 14940 | Lair:2   | Reached skill level 15 in Shields
 15083 | Lair:2   | You fall into a shaft and drop 2 floors!
 15173 | Lair:4   | Found the +8 whip "Snakebite" {venom, curare, rPois}
 15553 | Lair:4   | Found a staircase to the Shoals.
 16240 | Lair:4   | Identified the +7 flail of Symmetry {flame, Str+4} (Okawaru
                  | gifted it to you on level 4 of the Lair of Beasts)
 16240 | Lair:4   | Received a gift from Okawaru
 16242 | Lair:4   | Reached skill level 16 in Shields
 16866 | Lair:5   | Found a staircase to the Slime Pits.
 17558 | Lair:5   | Received a gift from Okawaru
 17575 | Lair:5   | Reached skill level 10 in Fighting
 17830 | Lair:5   | Identified a scroll of acquirement
 17830 | Lair:5   | Acquired 494 gold pieces
 17869 | Lair:5   | Reached XP level 14. HP: 121/121 MP: 14/14
 18077 | Lair:6   | Entered Level 6 of the Lair of Beasts
 18222 | Lair:6   | Reached skill level 17 in Shields
 18303 | Lair:6   | Received a gift from Okawaru
 19057 | Lair:6   | Reached skill level 18 in Shields
 19146 | Lair:6   | Identified the +3 leather armour of the Tormentor {+Blink
                  | rElec Slay-6}
 19175 | Lair:6   | Got the Guide on the Mountains
 20070 | Lair:3   | Found a hole to the Spider Nest.
 20294 | Lair:3   | Found a dark tunnel.
 20320 | Volcano  | Entered a volcano
 20455 | Volcano  | Found a bloodstained altar of Trog.
 20549 | Volcano  | Identified the +4 short sword of Eternal Vigilance {venom,
                  | rPois rCorr SInv} (Okawaru gifted it to you in a volcano)
 20549 | Volcano  | Received a gift from Okawaru
 21420 | Lair:2   | Reached XP level 15. HP: 112/128 MP: 13/15
 21604 | Lair:2   | Reached skill level 19 in Shields
 21689 | Orc:1    | Entered Level 1 of the Orcish Mines
 21850 | Orc:1    | Identified the +5 flail of Internal Strife {freeze, +Rage
                  | Will+ Str+2} (Okawaru gifted it to you on level 1 of the
                  | Orcish Mines)
 21850 | Orc:1    | Received a gift from Okawaru
 21966 | Orc:1    | Noticed Snorg
 21975 | Orc:1    | Killed Snorg
 22111 | Orc:2    | Entered Level 2 of the Orcish Mines
 22111 | Orc:2    | Found Zeywk's Antique Armour Shoppe.
 22128 | Orc:2    | Found Wuwnimui's Jewellery Boutique.
 22128 | Orc:2    | Found Qidd's Antique Armour Shop.
 22389 | Orc:2    | Bought a glowing scarf for 256 gold pieces
 22537 | Orc:2    | Bought an amulet of reflection for 480 gold pieces
 22541 | Orc:2    | Bought an embroidered cloak for 232 gold pieces
 22568 | Orc:2    | Found a staircase to the Elven Halls.
 22641 | Orc:2    | Found Jobrofap's Assorted Antiques.
 22661 | Orc:2    | Noticed Donald
 22677 | Orc:2    | Killed Donald
 22819 | Orc:2    | Noticed Sonja
 23025 | Orc:2    | Killed Sonja
 23186 | Orc:2    | Found Kimp's Magic Scroll Shoppe.
 23223 | Orc:2    | Found Vigy's Distillery.
 23691 | Orc:2    | Gained mutation: Your magical capacity is low. (-10% MP) [a
                  | neqoxec]
 23693 | Orc:2    | Gained mutation: Your mind is acute. (Int +2) [a neqoxec]
 23701 | Orc:2    | Received a gift from Okawaru
 23706 | Orc:2    | Paralysed by an orc sorcerer for 3 turns
 23709 | Orc:2    | Killed from afar by an orc high priest

Illustrated notes

Levels and vault maps discovered:
D:1:      saegor_arrival_simple_a, layout_loops_ring, serial_shops,
          nicolae_shop_trees, minmay_misc_feat_enclosed, minmay_misc_feat_plants
D:2:      layout_basic, shapermc_ecumenical_altar_acropolis, minmay_octomino_c4
D:3:      minmay_angry_zag, layout_basic
D:4:      layout_loops_ring, serial_shops, shop_statue, minmay_misc_feat_square,
          nicolae_specific_store, st_stairs_5, uniq_crazy_yiuf_cottage
D:5:      layout_cave_pods, minmay_temple_entry_trees
D:6:      layout_gridville
D:7:      layout_cave_pools, enter_bailey_3, minivault_23, uniq_maggie
D:8:      layout_cave_pools, old_standard_altar, minivault_27
D:9:      layout_big_octagon, dpeg_oklobed_lair
D:10:     layout_roguey, orc_0_dummy, nrook_campfire, uniq_harold,
          uniq_gastronok
D:11:     layout_cave_pools, minivault_25_ag,
          minmay_guarded_unrand_staff_of_olgreb
D:12:     layout_cave_pools, minmay_more_statues
D:13:     layout_loops_ring, david_vaults_1
Temple:   grunt_wide_crystal_templ
Lair:1:   layout_regular_city, infiniplex_staircase_pool
Lair:2:   nzn_winding_woodlands_small [nzn_winding_woodlands_5x15_garden,
          nzn_winding_woodlands_center_diamonds,
          nzn_winding_woodlands_5x15_eye], layout_misc_corridors,
          beast_lair_carwin_5, infiniplex_staircase_pool_2
Lair:3:   layout_concentric_octagons, dummy_spider_entry, enter_volcano_2,
          grunt_megastairs_1
Lair:4:   minmay_guarded_unrand_snakebite, layout_cave_pods,
          minmay_shoals_entry_centaurs, grunt_forest_stairs_basic,
          grunt_megastairs_3
Lair:5:   layout_cave_pods, dpeg_slime_entry_corner, beast_lair_carwin_2
Lair:6:   minmay_lair_end_frog_pond, layout_cave_pods
Orc:1:    layout_caves, uniq_snorg
Orc:2:    pf_orc_diabolical, layout_diamond_mine, serial_shops,
          nicolae_shop_statue_plus, nicolae_shop_behind_doors,
          nicolae_shop_stone, shop, basic_altar, rock_pile, uniq_sonja,
          uniq_donald

Skill      XL: |  1  2  3  4  5  6  7  8  9 10 11 12 13 14 15 |
---------------+----------------------------------------------+-----
Shields        | 4 5 6 7 9 10 13 14 16 18 19 | 19.5
Fighting       | 4 6 7 9 10 11 | 11.0
Axes           | 3 4 5 6 8 9 11 | 11.1
Armour         | 4 5 6 7 8 9 10 11 12 13 | 13.4
Dodging        | 1 2 3 4 |  4.3
Stealth        | 1 2 |  2.1
Unarmed Combat | 1 |  1.4
Throwing       | 1 3 |  3.7
Evocations     | 1 2 |  2.0
Maces & Flails | 4 8 10 12 13 | 13.4
Invocations    | 1 2 |  2.7

Action                   |  1- 3 |  4- 6 |  7- 9 | 10-12 | 13-15 || total
-------------------------+-------+-------+-------+-------+-------++-------
Melee: War axe           |    91 |   121 |   325 |    68 |       ||   605
       Headbutt          |    12 |    23 |    60 |   198 |   374 ||   667
       Unarmed           |       |     8 |       |       |       ||     8
       Mace              |       |       |       |   549 |    86 ||   635
       Whip              |       |       |       |       |   645 ||   645
       Flail             |       |       |       |       |   319 ||   319
Throw: Javelin           |     4 |     6 |    16 |       |       ||    26
       Boomerang         |       |       |    58 |     3 |       ||    61
Invok: Heroism           |       |       |     7 |    17 |    18 ||    42
Evoke: Wand              |       |       |    30 |       |       ||    30
  Use: Scroll            |       |    10 |     6 |     3 |     5 ||    24
       Potion            |       |     1 |       |     6 |       ||     7
Armor: Scale mail        |    43 |    28 |       |       |       ||    71
       Chain mail        |       |    29 |   101 |       |       ||   130
       Plate armour      |       |       |    65 |   372 |   253 ||   690
Dodge: Dodged            |    24 |    27 |    92 |   212 |   240 ||   595
Block: Kite shield       |    53 |    68 |   186 |       |       ||   307
       Tower shield      |       |       |   177 |  1005 |  1282 ||  2464
       Reflection        |       |       |       |       |    12 ||    12
